 Dungeon Crawl Stone Soup version 0.24.0-37-gcf1ca852f1 (webtiles) character file.

Game seed: 1223829298829922833, levelgen mode: deterministic

5730 Peloso the Carver (level 10, 0/129 HPs)
             Began as a Minotaur Fighter on Nov 25, 2019.
             Was a High Priest of Okawaru.
             Slain by an orc knight
             ... wielding a cursed -3 halberd
              (28 damage)
             ... in a bailey.
             The game lasted 00:16:35 (7776 turns).

Peloso the Carver (Minotaur Fighter)                Turns: 7776, Time: 00:16:36

Health: 0/129      AC: 19    Str: 33    XL:     10   Next: 48%
Magic:  8/9        EV: 12    Int:  9    God:    Okawaru [*****.]
Gold:   473        SH: 15    Dex: 12    Spells: 9/9 levels left

rFire    . . .     SeeInvis .   a - +0 long sword
rCold    . . .     Gourm    .   c - +0 shield
rNeg     . . .     Faith    .   y - +0 plate armour
rPois    .         Spirit   .   (helmet restricted)
rElec    .         Reflect  .   i - +0 cloak
rCorr    .         Harm     .   x - +0 pair of gloves
MR       .....                  (no boots)
Stlth    ..........             (no amulet)
HPRegen  0.31/turn              s - +2 ring of strength
MPRegen  0.11/turn              v - ring "Jiwkiam" {Str+4 Int+4}

@: berserking (expiring), heroism, very quick
A: retaliatory headbutt, horns 2
a: Heroism, Finesse, Renounce Religion


You were in a bailey.
You worshipped Okawaru.
Okawaru was extremely pleased with you.
You were hungry.

You visited 1 branch of the dungeon, and saw 8 of its levels.
You also visited: Bailey.

You collected 473 gold pieces.

Inventory:

Hand Weapons
 a - a +0 long sword (weapon)
Armour
 b - a +0 scale mail
 c - a +0 shield (worn)
 i - a +0 cloak (worn)
 u - a +0 chain mail
 x - a +0 pair of gloves (worn)
 y - a +0 plate armour (worn)
 D - a cursed +0 crystal plate armour
Jewellery
 q - an uncursed amulet of magic regeneration
 s - a +2 ring of strength (left hand)
 v - the ring "Jiwkiam" (right hand) {Str+4 Int+4}
   (You found it on level 7 of the Dungeon)

   [ring of intelligence]

   It affects your strength (+4).
   It affects your intelligence (+4).
 w - an uncursed ring of see invisible
Wands
 h - a wand of flame (28)
Scrolls
 g - 5 scrolls of remove curse
 k - a scroll of amnesia
 n - a scroll of blinking
 o - 2 scrolls of identify
 p - a scroll of fog
 r - 6 scrolls of teleportation
Potions
 d - 3 potions of might
 e - 2 potions of agility
 j - 3 potions of heal wounds
 l - a potion of curing
 m - 3 potions of haste
 t - a potion of brilliance
 z - a potion of flight
 A - a potion of berserk rage
 B - 3 potions of invisibility
Comestibles
 f - 17 rations


   Skills:
 + Level 7.2(12.2) Fighting
 + Level 11.7(16.7) Long Blades
 + Level 9.4(14.4) Armour
 + Level 3.2(8.2) Dodging
 + Level 1.1(6.1) Stealth
 + Level 9.7(14.7) Shields
 + Level 0.7 Invocations
 + Level 0.9 Evocations


You had 9 spell levels left.
You didn't know any spells.
Your spell library was empty.

Dungeon Overview and Level Annotations

Branches:
Dungeon (8/15)             Temple (0/1) D:5          Bailey (1/1)
   Lair: D:8-11

Altars:
Makhleb
Okawaru
Xom

Shops:
D:7 [


Innate Abilities, Weirdness & Mutations

You reflexively headbutt those who attack you in melee.
You have a pair of horns on your head.


Message History

You headbutt the orc knight.
The orc knight is lightly wounded.
You block the orc warrior's attack.
You slash the orc knight!
The orc knight is moderately wounded.
The orc knight barely misses you. You furiously retaliate!
You headbutt the orc knight! You closely miss the orc knight.
You headbutt the orc knight.
The orc knight is heavily wounded.
You slash the orc knight! You headbutt the orc knight.
The orc knight is severely wounded.
The orc warrior hits you with a +0 halberd!
* * * LOW HITPOINT WARNING * * *
Your plate armour prevents you from hitting the orc knight.
Your headbutt misses the orc knight.
The orc knight is severely wounded.
The orc knight no longer looks unusually strong.
You block the orc knight's attack.
The orc knight hits you from afar with a cursed -3 halberd!!
You die...

##'''##
#.....#
#..)..#
#.....#
#.....#
#.....#
##'''##
##.....##
#...@o..#
#...o...#
#...o...#
#.......#
#.......#
##.....##
#'''''#
#.....#
#.......#


You could see 2 orc knights and an orc warrior.

Vanquished Creatures
  2 orc knights (Bailey)
  Psyche (D:8)
  A hippogriff (D:7)
  A wyvern (D:8)
  Edmund (D:5)
  12 orc warriors
  A phantom (D:5)
  A sky beast (D:6)
  An ice beast (D:7)
  4 ogres
  4 centaurs
  5 bullfrogs
  A scorpion (D:6)
  5 wights (D:6)
  6 killer bees (D:7)
  3 howler monkeys
  2 electric eels (D:7)
  3 crimson imps
  5 orc priests
  A hound (D:7)
  An iguana (D:6)
  Terence (D:3)
  10 orc wizards
  6 worker ants
  A worker ant zombie (D:8)
  3 gnolls
  8 adders
  A shadow imp (D:6)
  3 oozes
  An adder zombie (D:5)
  An adder skeleton (D:5)
  4 worms
  2 dart slugs (D:1)
  3 leopard geckos
  46 orcs
  8 giant cockroaches
  12 goblins
  6 hobgoblins
  2 quokkas
  6 bats
  A frilled lizard (D:5)
  A leopard gecko skeleton (D:6)
  14 rats
201 creatures vanquished.

Notes
Turn   | Place    | Note
-------+----------+-------------------------------------------
     0 | D:1      | Peloso the Minotaur Fighter began the quest for the Orb.
     0 | D:1      | Reached XP level 1. HP: 19/19 MP: 0/0
   119 | D:1      | Reached XP level 2. HP: 26/27 MP: 1/1
   591 | D:1      | Reached XP level 3. HP: 33/33 MP: 2/2
   686 | D:2      | Reached skill level 1 in Dodging
   701 | D:2      | Reached skill level 3 in Long Blades
   785 | D:2      | Reached XP level 4. HP: 38/40 MP: 3/3
  1143 | D:2      | Found a burning altar of Makhleb.
  1143 | D:2      | Found an iron altar of Okawaru.
  1149 | D:2      | Found a faded altar of an unknown god.
  1151 | D:2      | Became a worshipper of Warmaster Okawaru
  1154 | D:2      | Found a faded altar of an unknown god.
  1156 | D:2      | Found a shimmering altar of Xom.
  1347 | D:3      | Reached skill level 4 in Long Blades
  1528 | D:3      | Noticed Terence
  1541 | D:3      | Killed Terence
  1541 | D:3      | Reached XP level 5. HP: 45/46 MP: 4/4
  1741 | D:3      | Reached skill level 5 in Long Blades
  2442 | D:4      | Reached XP level 6. HP: 15/52 MP: 5/5
  2859 | D:4      | Reached skill level 6 in Long Blades
  3054 | D:5      | Entered Level 5 of the Dungeon
  3063 | D:5      | Reached * piety under Okawaru
  3214 | D:5      | Found a staircase to the Ecumenical Temple.
  3255 | D:5      | Reached skill level 5 in Shields
  3364 | D:5      | Reached skill level 7 in Long Blades
  3364 | D:5      | Reached XP level 7. HP: 51/60 MP: 6/6
  3404 | D:5      | Noticed Edmund
  3419 | D:5      | Killed Edmund
  3419 | D:5      | Reached skill level 5 in Armour
  3610 | D:6      | Reached ** piety under Okawaru
  3820 | D:6      | Reached skill level 8 in Long Blades
  3820 | D:6      | Reached skill level 1 in Stealth
  3820 | D:6      | Reached XP level 8. HP: 62/67 MP: 7/7
  3868 | D:6      | Reached skill level 5 in Fighting
  4153 | D:6      | Reached skill level 9 in Long Blades
  5241 | D:7      | Noticed a hippogriff
  5247 | D:7      | Killed a hippogriff
  5247 | D:7      | Reached *** piety under Okawaru
  5247 | D:7      | Reached XP level 9. HP: 57/75 MP: 8/8
  5350 | D:7      | Got a heavily runed lapis lazuli ring
  5351 | D:7      | Identified the ring "Jiwkiam" {Str+4 Int+4} (You found it
                  | on level 7 of the Dungeon)
  5522 | D:7      | Found Vecif's Armour Shoppe.
  5595 | D:7      | Reached skill level 10 in Long Blades
  5925 | D:7      | Reached **** piety under Okawaru
  6247 | D:8      | Noticed Psyche
  6254 | D:8      | Killed Psyche
  6304 | D:8      | Received a gift from Okawaru
  6381 | D:8      | Reached skill level 11 in Long Blades
  6417 | D:8      | Reached XP level 10. HP: 46/84 MP: 9/9
  6493 | D:8      | Found a flagged portal.
  6544 | Bailey   | Entered a bailey
  7128 | Bailey   | Noticed an orc knight
  7186 | Bailey   | Killed an orc knight
  7194 | Bailey   | Reached ***** piety under Okawaru
  7747 | Bailey   | Noticed an orc knight
  7750 | Bailey   | Noticed an orc knight
  7767 | Bailey   | Noticed an orc knight
  7769 | Bailey   | Killed an orc knight
  7776 | Bailey   | Slain by an orc knight

Levels and vault maps discovered:
D:1:      dpeg_arrival_ratfight, layout_loops_ring
D:2:      layout_rooms, chequers_temple_overflow_minitemple
D:3:      layout_basic, uniq_terence
D:4:      layout_cave_pods, first_ration
D:5:      layout_basic, minmay_temple_entry_stoned_glass, grunt_ministairs_12,
          uniq_edmund
D:6:      layout_cave_pods, minivault_27
D:7:      cheibrodos_iron_armory, layout_rooms, serial_shops,
          nicolae_shop_behind_doors, minivault_4, grunt_ogre_cave, minivault_5
D:8:      layout_loops_ring, lemuel_crystal_altar, serial_shops,
          nicolae_shop_waterfront, enter_bailey_3, uniq_psyche
Bailey:   bailey_polearm_5, bailey

Skill      XL: |  1  2  3  4  5  6  7  8  9 10 |
---------------+-------------------------------+-----
Shields        | 4 5 6 8 9 |  9.7
Fighting       | 4 5 6 7 |  7.2
Armour         | 4 5 7 8 9 |  9.4
Dodging        | 1 2 3 |  3.2
Long Blades    | 3 4 5 7 8 9 11 | 11.7
Stealth        | 1 |  1.1
Invocations    | |  0.7
Evocations     | |  0.9

Action                   |  1- 3 |  4- 6 |  7- 9 | 10-12 || total
-------------------------+-------+-------+-------+-------++-------
Melee: Long sword        |    89 |   131 |   319 |   103 ||   642
       Headbutt          |    20 |    25 |    87 |    37 ||   169
Invok: Heroism           |       |       |     2 |     6 ||     8
Evoke: Wand              |       |     2 |       |     8 ||    10
  Use: Potion            |     1 |     6 |       |     3 ||    10
       Scroll            |       |     8 |       |     5 ||    13
  Eat: Chunk             |       |     8 |    10 |     4 ||    22
Armor: Scale mail        |    42 |    31 |       |       ||    73
       Chain mail        |       |    33 |   100 |       ||   133
       Plate armour      |       |       |    35 |    44 ||    79
Dodge: Dodged            |    27 |    38 |    82 |    55 ||   202
Block: Shield            |    51 |    68 |   180 |   110 ||   409
       Rpst.: Long sword |     4 |    15 |    25 |    10 ||    54
